AoeStats
← Errada

Glade

503662161Analyzed
1v1 RM · 1mo ago on Sep 1, 2026· 14m 1s· 2 players
Game mode
Random Map
Map size
Tiny (2 player)
Population
200
Speed
Normal
Resources
Standard
Victory
Conquest
Starting age
Dark Age
Ending age
Imperial Age
RankedLock teamsTeams togetherTeam positionsShared explorationLock speedFull tech treeHidden civsTurbo modeCheats
Victory
Defeat
🇯🇵 Hindustanis · Japan
933
+14
🇫🇷 Cumans · France
894
-14
Errada
7:24 Loom
10:47 Feudal Age
13:28 Double-Bit Axe
13:27 Horse Collar
Ituki_ouji
7:44 Loom
9:59 Feudal Age
10:13 Man-at-Arms
12:48 Wheelbarrow
Connection lost

Rejoining the realm…

Still unreachable

The connection could not be restored.

Session expired

The server has moved on; the page needs a fresh start.